 Dungeon Crawl Stone Soup version 0.31.0-2-g5a2aebc5c2 (webtiles) character file.

Game seed: 6548046532200013820

90 groovy9 the Chopper (level 4, -5/41 HPs)
             Began as a Hill Orc Cinder Acolyte on Jan 21, 2024.
             Was an Initiate of Ashenzari.
             Slain by a fire elemental (12 damage)
             ... created by the fiery vengeance of Ignis
             ... on level 3 of the Dungeon.
             The game lasted 00:07:35 (1754 turns).

groovy9 the Chopper (Hill Orc Cinder Acolyte)       Turns: 1754, Time: 00:07:36

Health: -5/41      AC:  2    Str: 18    XL:     4   Next: 56%
Magic:  6/6        EV: 11    Int: 14    God:    Ashenzari [......]
Gold:   139        SH:  0    Dex:  6    Spells: 6/6 levels left

rFire   . . .        a - -1 hand axe (flame)
rCold   . . .        (no shield)
rNeg    . . .        b - +0 robe
rPois   .            (no helmet)
rElec   .            (no cloak)
rCorr   .            (no gloves)
SInv    .            (no boots)
Will    +....        (no amulet)
Stlth   +            m - ring of willpower
HPRegen 0.26/turn    (no ring)
MPRegen 0.10/turn

%: no passive effects
@: fire susceptible
A: no striking features
a: Renounce Religion, Curse Item


You were on level 3 of the Dungeon.
You worshipped Ashenzari.
Ashenzari was noncommittal.
You visited 1 branch of the dungeon, and saw 4 of its levels.

You collected 139 gold pieces.

Inventory:

Hand Weapons
 a - a -1 hand axe of flaming (weapon)
Missiles
 k - a throwing net (quivered)
Armour
 b - a +0 robe (worn)
Jewellery
 m - a ring of willpower (left hand)
 n - a ring of ice
Scrolls
 c - a scroll of noise {unknown}
 e - 2 scrolls of revelation {unknown}
 f - a scroll of teleportation {unknown}
 g - a scroll of amnesia {unknown}
 h - 2 scrolls of fear {unknown}
 i - a scroll of summoning {unknown}
 l - a scroll of brand weapon {unknown}
Potions
 d - a potion of brilliance
 j - a potion of curing
 p - 2 potions of ambrosia {unknown}


   Skills:
 + Level 4.4 Fighting
 + Level 4.9 Axes
 + Level 1.7 Spellcasting
 + Level 4.0 Fire Magic


You had 6 spell levels left.
You didn't know any spells.
Your spell library contained the following spells:

 Spells                   Type           Power      Damage    Failure   Level
 Scorch                   Fire           24%        2d6       7%          2
 Alistair's Intoxication  Alch           0%         N/A       100%        5
 Borgnjor's Vile Clutch   Necr/Erth      0%         N/A       100%        5
 Eringya's Noxious Bog    Alch           0%         4d6       100%        6


Dungeon Overview and Level Annotations

Branches:
Dungeon (4/15)
 Temple: D:4-7

Altars:
Ashenzari

Shops:
D:2 ==(


Message History

There is a stone staircase leading down here.
The ball python closely misses you. The ball python grabs you.
The ball python constricts you.
You are too injured to fight recklessly!
You are too injured to fight recklessly!
You are too injured to fight recklessly!
You closely miss the ball python. The ball python bites you.
The ball python constricts you. The ball python completely misses you.
The ball python constricts you.
You hit the ball python but do no damage.
The ball python closely misses you. The ball python constricts you.
You hit the ball python. You burn the ball python.
The ball python is severely wounded.
The ball python bites you. The ball python constricts you.
The ball python bites you. The ball python constricts you.
You slash the ball python! You burn the ball python.
You kill the ball python!
You start resting.
You feel yourself speed up.
You start resting.
You recover from your berserk rage.
You start resting.
You feel a little less clever now. "Attack, my last stalwart servants!" 2 fire elementals come into view.
There is a stone staircase leading down, spattered with blood here.
You see here 13 gold pieces.
As you open the door, it creaks loudly!
A kobold and an adder come into view.
The adder hisses angrily.
You hear a shout!
The fire elemental barely misses you. The fire elemental hits you.
The fire elemental burns you!
You hit the kobold. You burn the kobold.
You kill the kobold!
You barely miss the fire elemental. x2; The fire elemental hits you.
The fire elemental burns you! The fire elemental closely misses you.
The fire elemental hits you. The fire elemental burns you!
* * * LOW HITPOINT WARNING * * *
The fire elemental hits you. The fire elemental burns you!
You die...

#### ....#
#########....#
#######S@..........#
......)$EE°.>......#
#.....#.○............
#.... #..........?...
.... #...!..........
... ................
$. .#######.##......
. . #+# ######


You could see 2 fire elementals and an adder.

Vanquished Creatures
  An iguana (D:4)
  An adder (D:2)
  2 dart slugs (D:1)
  5 bats
  3 endoplasms (D:1)
  A giant cockroach (D:1)
  4 goblins
  2 hobgoblins (D:1)
  10 jackals (D:1)
  7 ball pythons
  2 frilled lizards (D:1)
  4 kobolds
  A rat (D:2)
43 creatures vanquished.

Notes
Turn   | Place    | Note
-------+----------+-------------------------------------------
     0 | D:1      | groovy9 the Hill Orc Cinder Acolyte began the quest for the
                  | Orb.
     0 | D:1      | Reached XP level 1. HP: 19/19 MP: 2/2
   165 | D:1      | Reached XP level 2. HP: 24/27 MP: 3/3
   501 | D:1      | Reached XP level 3. HP: 31/33 MP: 4/4
   594 | D:1      | Found a faded altar of an unknown god.
   669 | D:1      | Prayed at the altar of an unknown god.
   669 | D:1      | Fell from the grace of Ignis
   669 | D:1      | Became a worshipper of Ashenzari the Shackled
  1080 | D:1      | You fall into a shaft and drop 1 floor!
  1294 | D:2      | Found Cisch's Weapon Shoppe.
  1397 | D:2      | Found Fetifiss's Jewellery Emporium.
  1483 | D:2      | Found Avvez's Jewellery Shoppe.
  1516 | D:2      | Reached XP level 4. HP: 14/40 MP: 6/6
  1528 | D:2      | You fall into a shaft and drop 2 floors!
  1746 | D:3      | Noticed a fire elemental
  1746 | D:3      | Noticed a fire elemental
  1754 | D:3      | Slain by a fire elemental

Illustrated notes

Levels and vault maps discovered:
D:1:      sevenhm_arrival_forest_fort_small_4, layout_basic,
          shapermc_ecumenical_altar_flowoftime
D:2:      layout_loops_ring, serial_shops, nicolae_shop_tiny_glass, shop_statue,
          nicolae_shop_real_fake_doors, nicolae_square_shop,
          nicolae_shop_drivethru, minmay_3d_cube
D:3:      layout_basic, uniq_jessica
D:4:      layout_basic, minmay_temple_entry_poolview, nrook_loot_triangle,
          uniq_ijyb, uniq_blork_the_orc, uniq_edmund

Skill      XL: |  1  2  3  4 |
---------------+-------------+-----
Fighting       | 4 |  4.4
Fire Magic     | 4 |  4.0
Axes           | |  4.9
Spellcasting   | |  1.7

Action                     |  1- 3 |  4- 6 || total
---------------------------+-------+-------++-------
  Melee: Hand axe          |   146 |    18 ||   164
    Use: Potion            |       |     3 ||     3
 Armour: Robe              |    84 |    20 ||   104
  Dodge: Dodged            |    85 |    10 ||    95
